 Dungeon Crawl Stone Soup version 0.28.0-43-g3370ac3207 (webtiles) character file.

Game seed: 2737223233850166350

226183 pkoi the Stormcaller (level 18, -3/145 HPs)
             Began as a Demigod Air Elementalist on Mar 29, 2022.
             Killed from afar by a salamander tyrant (33 damage)
             ... on level 4 of the Snake Pit.
             The game lasted 02:06:57 (56306 turns).

pkoi the Stormcaller (Demigod Air Elementalist)    Turns: 56306, Time: 02:06:57

Health: -3/145     AC:  8    Str: 23    XL:     18   Next: 0%
Magic:  23/39      EV: 16    Int: 44    God:
Gold:   550        SH:  0    Dex: 14    Spells: 3/41 levels left

rFire   + . .      SeeInvis .   J - staff of air
rCold   . . .      Faith    .   (no shield)
rNeg    + . .      Spirit   .   z - +2 robe {rF+}
rPois   +          Reflect  .   M - +1 hat
rElec   +          Harm     .   C - +0 cloak {Stlth+}
rCorr   .          Rampage  .   T - +1 pair of gloves {Str+3}
Will    ++...                   (no boots)
Stlth   +++.......              s - amulet "Soumupu" {RegenMP Str+7}
HPRegen 0.34/turn               g - ring of Jigeibo {rN+ Will+ Int+7}
MPRegen 0.66/turn               W - ring of poison resistance

@: no status effects
A: high MP 1, forlorn, divine attributes
}: 1/15 runes: decaying
a: no special abilities


You were on level 4 of the Snake Pit.
You visited 7 branches of the dungeon, and saw 31 of its levels.
You also visited: Sewer, Gauntlet, Ice Cave and Volcano.

You collected 2964 gold pieces.
You spent 2414 gold pieces at shops.

Inventory:

Missiles
 k - a throwing net
 p - 4 curare-tipped darts
Armour
 u - an orb of light
 z - a +2 robe of fire resistance (worn)
 C - a +0 cloak of stealth (worn)
 M - a +1 hat (worn)
 T - a +1 pair of gloves of strength (worn)
Magical Staves
 J - a staff of air (weapon)
Jewellery
 g - the ring of Jigeibo (left hand) {rN+ Will+ Int+7}
   (You took it off a hobgoblin on level 4 of the Dungeon)

   [ring of positive energy]

   Int:       It affects your intelligence (+7).
   rN:        It protects you from negative energy.
   Will:      It increases your willpower.
 i - a ring of positive energy
 m - a +4 ring of protection
 r - an amulet of the acrobat
 s - the amulet "Soumupu" (around neck) {RegenMP Str+7}
   (You bought it in a shop on level 2 of the Orcish Mines)

   [amulet of magic regeneration]

   It increases your rate of magic regeneration.
   Str:       It affects your strength (+7).
 G - a ring of flight
 I - a ring of resist corrosion
 K - a ring of protection from fire
 N - a ring of protection from cold
 W - a ring of poison resistance (right hand)
Wands
 f - a wand of paralysis (8)
 h - a wand of acid (23)
 j - a wand of mindburst (13)
 t - a wand of digging (20)
 y - a wand of iceblast (34)
 D - a wand of polymorph (10)
 L - a wand of flame (43)
 Q - a wand of charming (4)
Scrolls
 a - 5 scrolls of fear
 b - 15 scrolls of identify
 d - 6 scrolls of fog
 n - a scroll of brand weapon
 o - 21 scrolls of teleportation
 A - 3 scrolls of amnesia
 F - 7 scrolls of blinking
 P - a scroll of summoning
 U - a scroll of silence
Potions
 c - 14 potions of curing
 e - 3 potions of haste
 l - 7 potions of might
 q - 2 potions of invisibility
 v - 4 potions of resistance
 w - a potion of cancellation
 x - 4 potions of flight
 B - 7 potions of brilliance
 H - a potion of berserk rage
 S - 5 potions of heal wounds


   Skills:
 + Level 9.0 Fighting
 + Level 9.0 Dodging
 - Level 1.7 Stealth
 * Level 14.0 Unarmed Combat
 - Level 12.0 Spellcasting
 - Level 6.0 Conjurations
 - Level 9.0 Translocations
 - Level 13.0 Transmutations
 - Level 3.9 Fire Magic
 - Level 15.0 Air Magic
 - Level 6.0 Poison Magic


You had 3 spell levels left.
You knew the following spells:

 Your Spells              Type           Power      Damage    Failure   Level
a - Shock                 Conj/Air       100%       1d9       0%          1
b - Static Discharge      Conj/Air       100%       N/A       1%          2
c - Swiftness             Air            100%       N/A       0%          3
d - Airstrike             Air            63%        N/A       1%          4
e - Poisonous Vapours     Pois/Air       100%       N/A       1%          2
f - Blink                 Tloc           100%       N/A       1%          2
g - Olgreb's Toxic Radia  Pois           68%        N/A       1%          4
h - Ignite Poison         Fire/Tmut/Pois 76%        N/A       1%          3
i - Iskenderun's Mystic   Conj/Tloc      75%        2d15      1%          4
j - Apportation           Tloc           100%       N/A       1%          1
k - Storm Form            Tmut/Air       61%        N/A       3%          7
l - Manifold Assault      Tloc           81%        N/A       1%          5

Your spell library contained the following spells:

 Spells                   Type           Power      Damage    Failure   Level
 Animate Skeleton         Necr           52%        N/A       1%          1
 Pain                     Necr           100%       1d9       1%          1
 Slow                     Hex            100%       N/A       1%          1
 Passwall                 Tmut/Erth      58%        N/A       1%          2
 Conjure Flame            Conj/Fire      63%        6-21      1%          3
 Dazzling Flash           Conj/Hex       100%       N/A       1%          3
 Lesser Beckoning         Tloc           81%        N/A       1%          3
 Mephitic Cloud           Conj/Pois/Air  100%       N/A       1%          3
 Stone Arrow              Conj/Erth      100%       3d13      1%          3
 Confusing Touch          Hex            26%        N/A       3%          3
 Frozen Ramparts          Ice            52%        1d7       3%          3
 Vampiric Draining        Necr           26%        2d7       3%          3
 Ice Form                 Ice/Tmut       70%        N/A       1%          4
 Petrify                  Tmut/Erth      70%        N/A       1%          4
 Sticky Flame             Conj/Fire      63%        2d8       1%          4
 Alistair's Intoxication  Tmut/Pois      55%        N/A       1%          5
 Blade Hands              Tmut           48%        N/A       1%          5
 Irradiate                Conj/Tmut      41%        3d27      1%          5
 Yara's Violent Unravell  Hex/Tmut       35%        3d14      1%          5
 Iskenderun's Battlesphe  Conj           68%        2d12      2%          5
 Conjure Ball Lightning   Conj/Air       54%        3x3d20    2%          6
 Fireball                 Conj/Fire      31%        3d13      4%          5
 Dragon Form              Tmut           48%        N/A       4%          7
 Animate Armour           Summ/Erth      52%        N/A       11%         4
 Animate Dead             Necr           13%        N/A       11%         4
 Summon Ice Beast         Ice/Summ       26%        N/A       11%         4
 Statue Form              Tmut/Erth      46%        N/A       12%         6
 Maxwell's Capacitive Co  Air            63%        ∞         16%         8
 Starburst                Conj/Fire      31%        6d10      22%         6
 Agony                    Necr           26%        N/A       30%         5
 Borgnjor's Vile Clutch   Necr/Erth      13%        N/A       30%         5
 Excruciating Wounds      Necr           13%        N/A       30%         5
 Metabolic Englaciation   Hex/Ice        13%        N/A       30%         5
 Orb of Destruction       Conj           34%        9d10      61%         7
 Death Channel            Necr           13%        N/A       86%         6
 Disjunction              Tloc           40%        N/A       87%         8
 Enfeeble                 Hex            13%        N/A       100%        7
 Discord                  Hex            13%        N/A       100%        8
 Lehudib's Crystal Spear  Conj/Erth      25%        10d7      100%        8


Dungeon Overview and Level Annotations

Branches:
Dungeon (13/15)            Temple (1/1) D:5            Lair (6/6) D:10
  Swamp (4/4) Lair:4        Snake (4/4) Lair:4        Slime (0/5) Lair:5
    Orc (2/2) D:9             Elf (1/3) Orc:2        Vaults (0/5) D:13
  Sewer (visited)           IceCv (visited)         Volcano (visited)
Gauntlet (visited)

Shops:
D:6 *   D:7 *   Orc:1 *   Orc:2 ([*:=   Snake:1 :=   Snake:2 *   Snake:3 !(*=
Snake:4 *

Annotations:
D:7 2 transporters, reversiblehash's ghost, novice GnFi
Orc:2 3 runed translucent doors, Datul's ghost, journeyman DsFi


Innate Abilities, Weirdness & Mutations

You have an increased reservoir of magic. (+10% MP)
You shall have no god before yourself.
Your divine heritage dramatically boosts your attributes as you level up.


Message History

You resist.
Aiming: Airstrike (safe; 1% risk of failure)
Press: ? - help, Q - select action, (/) - cycle Dir - move target, f/p - naga sharpshooter
Aim: a naga sharpshooter, wielding a +0 arbalest and quivering bolts (severely wounded, catching its breath, empty space bonus: 5/8)
You feel a surge of power!
The air twists around and strikes the naga sharpshooter!
The naga sharpshooter is almost dead.
The naga sharpshooter shoots a bolt.
The bolt hits you!!
* * * LOW HITPOINT WARNING * * *
Aiming: Airstrike (safe; 1% risk of failure)
Press: ? - help, Q - select action, (/) - cycle Dir - move target, f/p - naga sharpshooter
Aim: a naga sharpshooter, wielding a +0 arbalest and quivering bolts (almost dead, catching its breath, empty space bonus: 5/8)
You feel a surge of power!
The air twists around and strikes the naga sharpshooter!
The naga sharpshooter is almost dead.
A salamander tyrant comes into view.
The naga sharpshooter casts a spell.
The naga sharpshooter magically shoots a bolt.
The bolt hits you!!
* * * LOW HITPOINT WARNING * * *
Aiming: Airstrike (safe; 1% risk of failure)
Press: ? - help, Q - select action, (/) - cycle Dir - move target, f/p - naga sharpshooter
Aim: a naga sharpshooter, wielding a +0 arbalest and quivering bolts (almost dead, empty space bonus: 4/8)
You feel a surge of power!
The air twists around and strikes the naga sharpshooter!
You kill the naga sharpshooter!
The salamander tyrant rends the earth beneath you!
The blast of magma engulfs you!! You partially resist.
* * * LOW HITPOINT WARNING * * *
You have reached level 18!
Your experience leads to a dramatic increase in your attributes!
Your base attributes are Str 13, Int 33, Dex 14.
Increase (S)trength, (I)ntelligence, or (D)exterity?
You feel clever. x4
Things that are here:
a +0 robe; a +0 war axe
There is a stone staircase leading up, spattered with blood here.
The salamander tyrant rends the earth beneath you!
The blast of magma engulfs you!! You partially resist.
You die...

.#####...≈[...#############......
## ####N....##.#.#### #....##
####≈............# ###....#
#...[[[..........###......#
####.............##.......#
#.............#)..#....#
#.......)...[.[...#....#
#########....[)≈≈).....####....#
.........)....[≈@[)...## ######
..##########.[..[[.)..#
..#######.....).......#
........[............##
#.#####..####........## #.#
#....##....[.....#######
#.####..............^.#.....##
..........##.........(.......##
..##......#...................#


You could see a salamander tyrant.

Vanquished Creatures
  A thorn hunter (Swamp:4)
  3 nagarajas
  2 orc warlords
  Aizul (Snake:3)
  3 ghouls
  A deep elf demonologist (Elf:1)
  A stone giant (Volcano)
  4 eleionomae
  6 bunyips
  A minotaur (Gauntlet)
  Snorg (D:12)
  A shambling mangrove (Swamp:3)
  Josephine (D:10)
  Fannar (D:11)
  2 salamander tyrants (Snake:4)
  12 naga warriors
  28 hydras
  8 anacondas
  2 ghost crabs
  Erica (Lair:2)
  5 catoblepae
  3 vault guards (D:13)
  A centaur warrior (D:13)
  4 two-headed ogres
  A tengu warrior (D:13)
  A dancing weapon (Elf:1)
  14 death yaks (Lair:6)
  4 shock serpents
  10 alligators
  16 naga sharpshooters
  4 orc high priests
  6 deep elf knights (Elf:1)
  6 goliath frogs
  5 spriggan druids
  4 sixfirhies (Gauntlet)
  A fire crab (Lair:6)
  6 salamander mystics
  11 swamp dragons
  9 deep elf archers (Elf:1)
  5 naga ritualists
  6 bog bodies
  Pikel (D:6)
  4 lindwurms (Lair:4)
  8 mana vipers
  10 deep elf zephyrmancers (Elf:1)
  6 orc knights
  7 orc sorcerers
  5 will-o-the-wisps
  8 deep elf pyromancers
  An oklob plant (Lair:4)
  16 salamanders
  5 cyclopes
  2 manticores (Lair:6)
  3 ugly things
  A manticore (shapeshifter) (Elf:1)
  Maurice (D:8)
  33 black mambas
  14 elephants
  A guardian serpent (Snake:3)
  24 naga magi
  2 gargoyles (Volcano)
  11 cane toads
  2 torpor snails
  3 kobold demonologists (D:11)
  11 rime drakes
  12 komodo dragons
  An efreet (Volcano)
  2 unseen horrors
  3 tengu conjurers
  5 polar bears
  A bloated husk (Swamp:4)
  4 trolls
  A queen bee (shapeshifter) (D:13)
  8 tyrant leeches
  12 hornets
  17 blink frogs
  A meliai zombie (D:11)
  5 dream sheep
  Sigmund (D:6)
  2 centaur simulacra
  16 spriggans
  81 yaks
  A vampire (D:13)
  9 wyverns
  A water elemental (Elf:1)
  5 wraiths
  2 shadows
  9 basilisks
  4 fire bats (D:10)
  2 steam dragons
  A fire elemental (Volcano)
  16 vampire mosquitoes
  12 swamp worms
  6 wargs
  53 nagas
  2 acid dragons
  14 water moccasins
  2 hell hounds
  An ice beast (D:8)
  Duvessa (D:4)
  A meliai simulacrum (Gauntlet)
  12 swamp drakes
  34 orc warriors
  A hornet zombie (D:9)
  2 black bears
  A necrophage (D:4)
  9 ogres
  6 wolves (Lair:1)
  2 boggarts (Gauntlet)
  3 centaurs
  A phantom (D:5)
  10 kobold brigands
  Blork the orc (D:4)
  15 bullfrogs
  2 earth elementals (Volcano)
  A wyvern zombie (D:7)
  2 scorpions
  Dowan (D:4)
  A hornet simulacrum (Gauntlet)
  4 killer bees (D:9)
  A lindwurm simulacrum (IceCv)
  16 electric eels
  3 howler monkeys
  3 komodo dragon simulacra (IceCv)
  2 centaur zombies
  2 lava snakes (D:10)
  5 hounds
  Crazy Yiuf (D:2)
  A jelly (D:7)
  22 orc priests
  3 bullfrog skeletons
  2 centaur skeletons
  2 iguanas
  31 orc wizards
  12 hell rats (Lair:5)
  2 hound skeletons
  A howler monkey zombie (D:6)
  A howler monkey skeleton (D:6)
  Robin (D:1)
  4 gnolls (D:4)
  7 adders
  An acid dragon simulacrum (IceCv)
  2 river rats (Sewer)
  A shadow imp (D:7)
  4 white imps
  A steam dragon simulacrum (IceCv)
  2 ufetubi
  2 adder skeletons
  3 worms
  3 dart slugs
  99 orcs
  6 endoplasms
  5 giant cockroaches
  17 goblins
  16 hobgoblins
  A quokka (D:1)
  8 ball pythons
  5 bats
  3 frilled lizards
  15 kobolds
  8 rats
  2 fire vortices (D:10)
1129 creatures vanquished.

Vanquished Creatures (others)
  A bloated husk (Swamp:2)
  A necrophage (Swamp:2)
  A fire vortex (D:10)
  6 foxfires
  33 fungi
  61 plants
103 creatures vanquished.

Grand Total: 1232 creatures vanquished

Notes
Turn   | Place    | Note
-------+----------+-------------------------------------------
     0 | D:1      | pkoi the Demigod Air Elementalist began the quest for the
                  | Orb.
     0 | D:1      | Reached XP level 1. HP: 14/14 MP: 5/5
   324 | D:1      | Reached skill level 3 in Air Magic
   554 | D:1      | Reached XP level 2. HP: 20/20 MP: 4/7
   701 | D:1      | Learned a level 2 spell: Static Discharge
   802 | D:1      | Reached skill level 1 in Conjurations
  1397 | D:2      | Noticed Robin
  1404 | D:2      | Reached XP level 3. HP: 25/26 MP: 1/8
  1720 | D:1      | Killed Robin
  1721 | D:1      | Reached skill level 4 in Air Magic
  2634 | D:2      | Found a runed translucent door.
  2635 | D:2      | Noticed Crazy Yiuf
  2976 | D:3      | Reached XP level 4. HP: 33/33 MP: 5/9
  3260 | D:3      | Found a glowing drain.
  3264 | Sewer    | Entered a sewer
  3615 | Sewer    | Noticed a kobold brigand
  3622 | Sewer    | Learned a level 3 spell: Swiftness
  3636 | Sewer    | Killed a kobold brigand
  3637 | Sewer    | Reached XP level 5. HP: 7/38 MP: 1/10
  3941 | Sewer    | Reached skill level 5 in Air Magic
  4302 | Sewer    | Reached XP level 6. HP: 33/45 MP: 4/12
  4512 | Sewer    | HP: 2/45 [kobold brigand/+0 club (3)]
  5005 | Sewer    | Reached skill level 6 in Air Magic
  5321 | Sewer    | Reached XP level 7. HP: 40/50 MP: 6/14
  5647 | Sewer    | Learned a level 4 spell: Airstrike
  6301 | D:3      | Got the Papyrus of the Mountains and Flight
  6435 | D:3      | Learned a level 2 spell: Poisonous Vapours
  6852 | D:4      | Noticed Duvessa
  6852 | D:4      | Noticed Dowan
  6872 | D:4      | Killed Duvessa
  6873 | D:4      | Reached skill level 1 in Fighting
  6873 | D:4      | Reached skill level 7 in Air Magic
  6873 | D:4      | Reached skill level 1 in Poison Magic
  6898 | D:4      | Killed Dowan
  7603 | D:4      | Identified the ring of Jigeibo {rN+ Will+ Int+7}
  7790 | D:4      | Reached XP level 8. HP: 59/59 MP: 10/15
  7906 | D:4      | Noticed Blork the orc
  7994 | D:4      | Killed Blork the orc
  8640 | D:5      | Entered Level 5 of the Dungeon
  8945 | D:5      | Reached skill level 1 in Unarmed Combat
  9845 | D:5      | Found a staircase to the Ecumenical Temple.
  9854 | Temple   | Entered the Ecumenical Temple
 10281 | D:6      | Noticed Sigmund
 10297 | D:6      | Killed Sigmund
 10421 | D:6      | Noticed Pikel
 10454 | D:6      | Killed Pikel
 10455 | D:6      | Reached XP level 9. HP: 65/69 MP: 16/18
 10458 | D:6      | Learned a level 2 spell: Blink
 10554 | D:6      | Found Emobyzem's Serpentskin Sales.
 10718 | D:7      | Identified the +0 ring mail "Mahevew" {Int+3}
 11056 | D:7      | Reached skill level 1 in Translocations
 11056 | D:7      | Reached skill level 8 in Air Magic
 11223 | D:7      | Found a transporter.
 11230 | D:7      | Noticed reversiblehash's ghost (novice GnFi)
 11230 | D:7      | Noticed a moth of wrath
 11242 | D:7      | Found a transporter.
 11509 | D:7      | Found Vifigo's Island Escapes.
 11851 | D:8      | Noticed a cyclops
 11915 | D:6      | Bought the Almanac of Contamination for 418 gold pieces
 12005 | D:8      | Reached skill level 5 in Unarmed Combat
 12163 | D:8      | Killed a cyclops
 12427 | D:8      | Noticed Maurice
 12433 | D:8      | Killed Maurice
 12547 | D:8      | Reached XP level 10. HP: 79/79 MP: 12/20
 12905 | D:8      | Learned a level 4 spell: Olgreb's Toxic Radiance
 12915 | D:9      | Noticed a two-headed ogre
 12940 | D:8      | Killed a two-headed ogre
 13195 | D:9      | Reached skill level 5 in Spellcasting
 13432 | D:9      | Reached skill level 5 in Dodging
 13814 | D:9      | Noticed a catoblepas
 13878 | D:9      | Killed a catoblepas
 14812 | D:9      | Reached skill level 5 in Fighting
 15387 | D:9      | Found a staircase to the Orcish Mines.
 16230 | D:9      | Reached skill level 9 in Air Magic
 16525 | D:9      | Learned a level 3 spell: Ignite Poison
 17465 | D:10     | Entered Level 10 of the Dungeon
 17577 | D:10     | Noticed Josephine
 17586 | D:10     | Killed Josephine
 17587 | D:10     | Reached skill level 1 in Transmutations
 17619 | D:9      | Reached skill level 1 in Fire Magic
 17742 | D:10     | Reached XP level 11. HP: 80/88 MP: 9/24
 18253 | D:10     | Noticed a two-headed ogre
 18277 | D:10     | Killed a two-headed ogre
 19634 | D:10     | Found a staircase to the Lair.
 19634 | D:10     | Noticed a two-headed ogre
 19637 | D:10     | Killed a two-headed ogre
 19992 | D:10     | Identified the +5 hand axe "Aplex" {freeze, Fragile rC++
                  | Dex+4}
 20039 | Lair:1   | Entered Level 1 of the Lair of Beasts
 20166 | Lair:1   | Reached skill level 5 in Poison Magic
 20452 | Lair:1   | Noticed an eight-headed hydra
 20468 | Lair:1   | Killed an eight-headed hydra
 20821 | Lair:1   | Noticed an eight-headed hydra
 20835 | Lair:1   | Killed an eight-headed hydra
 21438 | Lair:2   | Reached XP level 12. HP: 75/97 MP: 16/26
 21538 | Lair:2   | Learned a level 4 spell: Iskenderun's Mystic Blast
 21592 | Lair:2   | Reached skill level 5 in Conjurations
 21616 | Lair:2   | Noticed a four-headed hydra
 21759 | Lair:2   | Noticed Erica
 21762 | Lair:2   | Killed Erica
 21789 | Lair:2   | Noticed an eight-headed hydra
 21810 | Lair:2   | Killed an eight-headed hydra
 22011 | Lair:2   | Killed a four-headed hydra
 22768 | Lair:2   | Reached skill level 5 in Translocations
 24259 | Lair:4   | Noticed a six-headed hydra
 24259 | Lair:4   | Found a gate leading to a gauntlet.
 24265 | Lair:4   | Killed a six-headed hydra
 24307 | Gauntlet | Entered a Gauntlet
 24307 | Gauntlet | Found a transporter.
 24307 | Gauntlet | Found a transporter.
 24373 | Gauntlet | Found a transporter.
 24388 | Gauntlet | Found a transporter.
 24388 | Gauntlet | Found a transporter.
 24390 | Gauntlet | Found a transporter.
 24390 | Gauntlet | Found a transporter.
 24392 | Gauntlet | Found a transporter.
 24394 | Gauntlet | Noticed a blizzard demon
 24410 | Gauntlet | Found a transporter.
 24418 | Gauntlet | Found a transporter.
 24428 | Gauntlet | Found a transporter.
 24432 | Gauntlet | Noticed an entropy weaver
 24432 | Gauntlet | a death yak changed into an entropy weaver
 24434 | Gauntlet | an entropy weaver changed into an alligator
 24438 | Gauntlet | Noticed an entropy weaver
 24438 | Gauntlet | an alligator changed into an entropy weaver
 24444 | Gauntlet | Noticed a four-headed hydra
 24444 | Gauntlet | a death yak changed into a four-headed hydra
 24445 | Gauntlet | Found a transporter.
 24449 | Gauntlet | Noticed a boulder beetle
 24449 | Gauntlet | a four-headed hydra changed into a boulder beetle
 24453 | Gauntlet | Noticed a broodmother
 24453 | Gauntlet | a boulder beetle changed into a broodmother
 24456 | Gauntlet | Noticed a four-headed hydra
 24456 | Gauntlet | a broodmother changed into a four-headed hydra
 24462 | Gauntlet | Found a transporter.
 24465 | Gauntlet | Found a runed translucent gate.
 24465 | Gauntlet | Found a runed translucent gate.
 24465 | Gauntlet | Found a runed translucent gate.
 24474 | Gauntlet | Found a transporter.
 24516 | Gauntlet | Identified the ring of Ifoar {Ice rPois Str+4 Stlth-}
 24524 | Gauntlet | Noticed a merfolk aquamancer
 24598 | Gauntlet | Noticed a juggernaut
 24600 | Gauntlet | Noticed a shard shrike
 24600 | Gauntlet | a juggernaut changed into a shard shrike
 24601 | Gauntlet | Noticed a titan
 24601 | Gauntlet | a shard shrike changed into a titan
 24602 | Gauntlet | Noticed a juggernaut
 24602 | Gauntlet | a titan changed into a juggernaut
 24606 | Gauntlet | Noticed a shard shrike
 24606 | Gauntlet | a juggernaut changed into a shard shrike
 24856 | Gauntlet | Reached XP level 13. HP: 72/105 MP: 13/28
 24863 | Gauntlet | Identified the amulet of the Castellan {Spirit Drain Int+9
                  | Dex+2}
 24990 | Gauntlet | Noticed a minotaur
 24997 | Gauntlet | Killed a minotaur
 25229 | Lair:4   | Found a staircase to the Snake Pit.
 25368 | Lair:4   | Reached skill level 5 in Transmutations
 25437 | Lair:4   | You fall into a shaft and drop 1 floor!
 25477 | Lair:5   | Found a dark tunnel.
 25489 | Volcano  | Entered a volcano
 25758 | Volcano  | Noticed a stone giant
 25889 | Volcano  | Killed a stone giant
 26371 | Lair:4   | Identified the +3 ring mail of the Equator {rF- Dex+6}
 26672 | Lair:4   | Found a staircase to the Swamp.
 27218 | Lair:4   | Identified the +3 war axe "Kimu Ema" {flame, rF+ Will-
                  | Int+3 Stlth+}
 27266 | Lair:5   | Identified the +9 dagger of Destiny {vorpal, rElec Dex+7}
 27422 | Lair:5   | Reached skill level 10 in Air Magic
 28023 | Lair:5   | Found a staircase to the Slime Pits.
 28644 | Lair:6   | Entered Level 6 of the Lair of Beasts
 28658 | Lair:6   | Reached XP level 14. HP: 91/116 MP: 9/31
 30712 | Lair:6   | Reached skill level 11 in Air Magic
 30805 | Lair:6   | Identified the +4 ring mail of Qazlal's Benevolence {rC-
                  | rN+++ rCorr Int-4}
 31423 | D:11     | Found a frozen archway.
 31467 | IceCv    | Entered an ice cave
 31759 | D:11     | Noticed Fannar
 31761 | D:11     | Killed Fannar
 32342 | D:12     | Noticed Snorg
 32346 | D:12     | Killed Snorg
 33805 | D:13     | Reached XP level 15. HP: 120/124 MP: 24/32
 34158 | D:13     | Found a gate to the Vaults.
 34466 | D:2      | Killed Crazy Yiuf
 34757 | Orc:1    | Entered Level 1 of the Orcish Mines
 34934 | Orc:1    | Found Tigg's Assorted Antiques.
 34991 | Orc:1    | Reached skill level 10 in Unarmed Combat
 35034 | Orc:1    | Bought a pair of glowing gloves for 210 gold pieces
 35363 | Orc:2    | Entered Level 2 of the Orcish Mines
 35731 | Orc:2    | Reached skill level 12 in Air Magic
 36083 | Orc:2    | Found Lijewo's Antique Armour Shop.
 36084 | Orc:2    | Found Motzim's Antique Weapon Boutique.
 36086 | Orc:2    | Found Fenof's General Store.
 36086 | Orc:2    | Found Pady's Book Shop.
 36092 | Orc:2    | Bought a book of Party Tricks for 224 gold pieces
 36094 | Orc:2    | Learned a level 1 spell: Apportation
 36238 | Orc:2    | Found a runed translucent gate.
 36238 | Orc:2    | Found a runed translucent gate.
 36238 | Orc:2    | Found a runed translucent gate.
 36256 | Orc:2    | Noticed Datul's ghost (journeyman DsFi)
 36341 | Orc:2    | Found Umootaxt's Jewellery Emporium.
 36344 | Orc:2    | Bought the amulet "Soumupu" {RegenMP Str+7} for 723 gold
                  | pieces
 36776 | Orc:2    | Bought a scroll of magic mapping for 59 gold pieces
 36862 | Orc:2    | Found a staircase to the Elven Halls.
 37250 | Elf:1    | Entered Level 1 of the Elven Halls
 37422 | Elf:1    | Reached skill level 10 in Spellcasting
 38671 | Elf:1    | Reached skill level 10 in Transmutations
 39261 | Swamp:1  | Entered Level 1 of the Swamp
 39261 | Swamp:1  | You fall into a shaft and drop 1 floor!
 39471 | Lair:4   | Learned a level 7 spell: Storm Form
 39946 | Swamp:1  | Reached XP level 16. HP: 132/132 MP: 27/35
 39948 | Swamp:1  | Reached skill level 13 in Air Magic
 40074 | Snake:1  | Entered Level 1 of the Snake Pit
 41063 | Snake:1  | Found Loytiani's Book Emporium.
 41063 | Snake:1  | Found Leutirch's Jewellery Boutique.
 41065 | Snake:1  | Found Ihyoho's Book Emporium.
 42071 | Snake:2  | Found Atiakk's Neck Hole.
 42854 | Orc:2    | Bought a pair of glowing gloves for 255 gold pieces
 42854 | Orc:2    | Bought an embroidered robe for 125 gold pieces
 43044 | D:6      | Bought a ring of poison resistance for 220 gold pieces
 46468 | Swamp:4  | Entered Level 4 of the Swamp
 48891 | Swamp:4  | Reached XP level 17. HP: 137/137 MP: 23/37
 48948 | Swamp:3  | Learned a level 5 spell: Manifold Assault
 49076 | Swamp:4  | Reached skill level 14 in Air Magic
 49373 | Swamp:4  | Got a decaying rune of Zot
 52354 | Snake:3  | Found Hacergho's Assorted Antiques.
 52355 | Snake:3  | Found Qeceilel's Jewellery Shop.
 52355 | Snake:3  | Found Uffues's Distillery.
 52372 | Snake:3  | Found Ynteh's Weapon Boutique.
 52381 | Snake:3  | Bought a potion of heal wounds for 60 gold pieces
 52381 | Snake:3  | Bought 2 potions of heal wounds for 120 gold pieces
 53743 | Snake:4  | Entered Level 4 of the Snake Pit
 53743 | Snake:4  | Noticed Aizul
 54017 | Snake:3  | Killed Aizul
 54787 | Snake:4  | Found Feonwua's Assorted Antiques.
 55537 | Snake:4  | Reached skill level 15 in Air Magic
 56299 | Snake:4  | Reached XP level 18. HP: 27/145 MP: 18/39
 56306 | Snake:4  | Killed from afar by a salamander tyrant

Illustrated notes

Levels and vault maps discovered:
D:1:      kennysheep_arrival_seaside, layout_basic,
          ebering_ecumenical_altar_sacrificial
D:2:      layout_loops_ring, uniq_robin, uniq_crazy_yiuf_cottage
D:3:      layout_basic, mainiacjoe_overflow_catwalk, gup_sewer_entry_bowl,
          minivault_23
D:4:      layout_loops_ring, chequers_serial_rivers_room_b, feat_on_display,
          uniq_duvessa, uniq_blork_the_orc
D:5:      layout_basic, mainiacjoe_overflow_tiny_flanked,
          lemuel_temple_firewalk_b, serial_corexii_hall, corexii_hall_statues_x,
          corexii_hall_statues_l
D:6:      layout_cave_pools, cheibriados_altar_1, guppyfry_shop_venom,
          uniq_sigmund, uniq_pikel
D:7:      layout_loops_corners, kennysheep_mini_moat,
          gammafunk_ghost_wrathful_warriors, nicolae_island_escapes
D:8:      layout_gridville, makhleb_blood_cavern_becter, uniq_maurice
D:9:      cheibrodos_two_vegetables, layout_loops_ring,
          mainiacjoe_overflow_chevrons, mainiacjoe_overflow_two_lobes,
          hiddenorc2_lemuel, supply_closet_lemuel
D:10:     layout_loops_corners, nzn_wu_jian_council_hall, kennysheep_diamond,
          hangedman_incinerator, uniq_josephine
D:11:     layout_cave_pools, portal_ice_cave_entry_pillars_2, uniq_fannar
D:12:     layout_loops_corners, uniq_snorg
D:13:     layout_rooms, lightli_vaults_fourway_checkpoint, fedhas_altar_1
Temple:   dshaligram_water_room_temple
Lair:1:   layout_roguey
Lair:2:   layout_layer_cave, grunt_megastairs_3, uniq_erica
Lair:3:   layout_hall_layers, serial_bayou_lake_a
Lair:4:   layout_cave_pods, nicolae_swamp_entry_splash_gauntlet,
          guppyfry_snake_entry_garden, gauntlet_entry_generic,
          minmay_lindwurm_lava
Lair:5:   layout_loops_ring, dpeg_slime_entry_corner,
          nicolae_volcano_entry_hallway, special_room
          [special_room_mythical_zoo], lemuel_fruit_tree,
          infiniplex_staircase_pool_2, serial_bayou_shore_a
Lair:6:   evilmike_catoblepas_cave, layout_big_grid, grunt_megastairs_5
Swamp:1:  layout_basic_swamp, evilmike_swamp_ruin_house_1, swamp_pool5
Swamp:2:  layout_basic_swamp, evilmike_swamp_ruin_rubble_1,
          infiniplex_staircase_pool
Swamp:3:  layout_falls_marsh, lemuel_altar_in_water2
Swamp:4:  swamp, layout_basic_swamp
Snake:1:  layout_cave_pods, minmay_shop_grove
Snake:2:  layout_layer_cave, nicolae_shop_sticking_my_neck_out,
          grunt_megastairs_1, serial_bayou_shore_b
Snake:3:  layout_grid_maze, guppyfry_library_mini, minmay_shoptagon
Snake:4:  minmay_snake_end_coiled, layout_rooms, serial_shops,
          nicolae_shop_overgrown_old_shop, grunt_megastairs_2, uniq_aizul,
          uniq_saint_roka
Orc:1:    layout_diamond_mine, serial_shops, nicolae_diamond_shop
Orc:2:    st_orc_congregation, layout_caves, maelrawn_ghost_gauntlet_escape,
          serial_shops, shop, basic_altar
Elf:1:    nicolae_elf_arrival_fired_up, layout_gridlike,
          minmay_elf_annihilation, uniq_frances

Skill      XL: |  1  2  3  4  5  6  7  8  9 10 11 12 13 14 15 16 17 |
---------------+----------------------------------------------------+-----
Air Magic      | 3 4 5 6 7 8 9 10 11 12 13 15 | 15.0
Conjurations   | 1 2 3 4 6 |  6.0
Spellcasting   | 2 3 4 6 7 8 9 10 11 12 | 12.0
Dodging        | 2 3 4 5 7 8 9 |  9.0
Fighting       | 1 3 4 5 6 7 8 9 |  9.0
Poison Magic   | 1 2 4 5 6 |  6.0
Unarmed Combat | 3 5 6 8 9 11 12 14 | 14.0
Translocations | 2 5 6 7 9 |  9.0
Transmutations | 1 3 4 6 8 10 11 13 | 13.0
Fire Magic     | 1 3 |  3.9
Stealth        | |  1.7

Action                   |  1- 3 |  4- 6 |  7- 9 | 10-12 | 13-15 | 16-18 || total
-------------------------+-------+-------+-------+-------+-------+-------++-------
Melee: Dagger            |    19 |    16 |    33 |    24 |       |       ||    92
       Punch             |       |       |     1 |     2 |       |    13 ||    16
       Staff             |       |       |       |     1 |     2 |     5 ||     8
       Unarmed           |       |       |       |       |       |   305 ||   305
Throw: Dart              |       |       |     1 |       |       |       ||     1
 Cast: Shock             |    99 |    90 |    91 |    15 |       |       ||   295
       Poisonous Vapours |       |       |    45 |   100 |   151 |    71 ||   367
       Airstrike         |       |       |    70 |   172 |   258 |   385 ||   885
       Static Discharge  |       |       |     1 |     6 |       |       ||     7
       Ignite Poison     |       |       |       |    55 |   185 |    58 ||   298
       Olgreb's Toxic Ra |       |       |       |    26 |    84 |    13 ||   123
       Iskenderun's Myst |       |       |       |     1 |     5 |     8 ||    14
       Storm Form        |       |       |       |       |       |    36 ||    36
       Manifold Assault  |       |       |       |       |       |   140 ||   140
Evoke: Wand              |       |       |       |       |     1 |     1 ||     2
  Use: Scroll            |     3 |       |    10 |     6 |     6 |       ||    25
       Potion            |       |     1 |     8 |       |       |     1 ||    10
 Stab: Sleeping          |       |       |     1 |     1 |       |       ||     2
Armor: Robe              |     6 |     1 |     9 |    61 |    58 |    40 ||   175
       Skin              |       |       |       |       |       |    34 ||    34
Dodge: Dodged            |    20 |    25 |    50 |   129 |   150 |   266 ||   640
